 Dungeon Crawl Stone Soup version 0.17-a0-963-gaa5423c (webtiles) character file.

10868 Maka the Severer (level 11, -8/92 HPs)
             Began as a Hill Orc Gladiator on May 8, 2015.
             Was a Follower of Qazlal.
             Mangled by Snorg (16 damage)
             ... on level 11 of the Dungeon.
             The game lasted 00:30:01 (10559 turns).

Maka the Severer (Hill Orc Gladiator)              Turns: 10559, Time: 00:30:02

Health: -8/92      AC: 22    Str: 24    XL:     11   Next: 68%
Magic:  11/11      EV:  9    Int:  8    God:    Qazlal [*.....]
Gold:   474        SH:  2    Dex: 19    Spells: 0 memorised, 10 levels left

rFire  . . .     SeeInvis .     a - +1 battleaxe (freeze)
rCold  + + .     Clarity  .     r - +0 plate armour
rNeg   . . .     SustAb   .     (no shield)
rPois  .         Gourm    +     f - +0 helmet
rElec  .         Spirit   .     t - +1 cloak of Piemobbi {rC+}
rCorr  .         Warding  .     (no gloves)
rMut   .         Stasis   .     l - +2 pair of boots {run}
MR     .....                    I - amulet of the gourmand
Stlth  ..........               F - +5 ring of dexterity
                                g - ring of protection from cold

@: mighty, quick, not resistant to hostile enchantments, extremely unstealthy
A: no striking features
a: Renounce Religion


You were on level 11 of the Dungeon.
You worshipped Qazlal.
Qazlal was aware of your devotion.
You were near starving.

You visited 2 branches of the dungeon, and saw 12 of its levels.

You collected 474 gold pieces.

Inventory:

Hand weapons
 a - a +1 battleaxe of freezing (weapon)
 b - a +1 war axe of flaming
Missiles
 d - 3 throwing nets (quivered)
 i - 2 tomahawks
Armour
 f - a +0 helmet (worn)
 l - a +2 pair of boots of running (worn)
 r - a +0 plate armour (worn)
 t - the +1 cloak of Piemobbi (worn) {rC+}
   (You found it on level 4 of the Dungeon)

   It protects you from cold.
Jewellery
 g - a ring of protection from cold (left hand)
 s - an uncursed ring of sustain abilities
 F - a +5 ring of dexterity (right hand)
 I - an amulet of the gourmand (around neck)
Magical devices
 m - a wand of confusion (38)
 p - a wand of digging (2)
 y - a wand of fire (5)
 z - a wand of enslavement (5)
 B - a wand of lightning (9)
 C - a wand of invisibility (5)
 E - a wand of disintegration (12)
 G - a wand of confusion (18)
 J - a wand of magic darts (26)
Scrolls
 h - 2 scrolls of recharging
 j - a scroll of magic mapping
 o - 8 scrolls of teleportation
 v - 4 scrolls of blinking
 w - 7 scrolls of remove curse
 x - 2 scrolls of fog
 A - a scroll of fear
 H - a scroll of acquirement {unknown}
Potions
 k - 3 potions of curing
 n - a potion of heal wounds
 u - 2 potions of haste
 D - a potion of cancellation
Comestibles
 c - 6 meat rations
 e - 5 bread rations


   Skills:
 - Level 7.1 Fighting
 + Level 17.5 Axes
 - Level 2.0 Throwing
 - Level 10.5 Armour
 - Level 2.4 Dodging


You had 10 spell levels left.
You didn't know any spells.

Dungeon Overview and Level Annotations

Branches:
Dungeon (11/15)            Temple (1/1) D:5            Lair (0/8) D:9
    Orc: D:9-12

Altars:
Ashenzari
Cheibriados
Dithmenos
Elyvilon
Fedhas
Gozag
Kikubaaqudgha
Makhleb
Nemelex Xobeh
Okawaru
Qazlal
Ru
Sif Muna
Trog
Vehumet
Xom
Yredelemnul
Zin
The Shining One

Shops:
D:6 }   D:9 %

Annotations:
D:11 Snorg


Message History

You barely miss Snorg.
Snorg is lightly wounded.
Snorg bites you but does no damage. Snorg closely misses you.
Snorg claws you but does no damage.
You slash Snorg! You freeze Snorg.
Snorg is moderately wounded.
Snorg bites you. Snorg closely misses you. You block Snorg's attack.
You barely miss Snorg.
Snorg is moderately wounded.
Snorg bites you but does no damage. Snorg closely misses you.
Snorg barely misses you.
You slice Snorg!! You freeze Snorg.
Snorg is heavily wounded.
Snorg bites you!
* * * LOW HITPOINT WARNING * * *
Snorg claws you but does no damage. Snorg claws you!
* * * LOW HITPOINT WARNING * * *
Snorg bites you but does no damage. Snorg claws you but does no damage.
Snorg claws you!
You die...

#### .# ...# #.# .).#
#.# #.......# ...# #.#
#.......# ...########
#.# #.......#
..........###.#
#.......#
...######..##.#
#.......# ...#
##....#########.......#
.>.#
###....@TY...#.......#
...#
##.#######.'.(.....#
...# #.# ###>......#
.### #.# #####.### ..#
####.###### # #.###
#.........# ....#
#.........#### ....#
#.........'<.#
....######.........##.#


You could see Snorg (berserk) and a sky beast.

Vanquished Creatures
  Maud (D:11)
  An unseen horror (D:10)
  3 hill giants (D:10)
  Pikel (D:9)
  An ugly thing (D:11)
  2 gargoyles (D:11)
  2 trolls
  A wandering mushroom (D:9)
  A trapdoor spider (D:11)
  A hippogriff (D:10)
  Grum (D:8)
  A hungry ghost (D:11)
  2 wolves (D:8)
  Duvessa (D:7)
  Purgy (D:4)
  A slave (D:9)
  2 sky beasts (D:7)
  2 black bears
  2 phantoms
  A necrophage (D:11)
  4 orc warriors
  2 centaurs (D:7)
  6 ogres
  A crocodile (D:10)
  A big kobold (D:11)
  5 giant frogs
  Dowan (D:7)
  5 killer bees (D:8)
  A scorpion (D:6)
  A water moccasin skeleton (D:5)
  3 wights
  3 electric eels (D:8)
  2 crimson imps
  A quasit (D:5)
  2 centaur skeletons
  4 hounds
  6 orc priests
  16 orc wizards
  A giant frog skeleton (D:6)
  2 jellies
  2 iguanas
  9 worker ants
  2 killer bee zombies
  2 worker ant zombies
  4 gnolls (D:3)
  11 adders
  4 shadow imps
  3 oozes
  An adder zombie (D:8)
  2 worms (D:2)
  8 giant geckos
  31 orcs
  A bat zombie (D:6)
  6 giant cockroaches
  7 goblins
  14 hobgoblins
  5 jackals
  A quokka (D:2)
  19 bats
  3 giant newts
  20 kobolds
  A quokka zombie (D:5)
  18 rats
  A ballistomycete (D:6)
  2 fungi (D:9)
272 creatures vanquished.

Vanquished Creatures (others)
  A giant spore (D:6)
1 creature vanquished.

Grand Total: 273 creatures vanquished

Notes
Turn   | Place    | Note
--------------------------------------------------------------
     0 | D:1      | Maka, the Hill Orc Gladiator, began the quest for the Orb.
     0 | D:1      | Reached XP level 1. HP: 18/18 MP: 1/1
   576 | D:1      | Reached XP level 2. HP: 25/25 MP: 2/2
   774 | D:1      | Reached skill level 5 in Axes
   930 | D:2      | Reached XP level 3. HP: 19/30 MP: 3/3
  1067 | D:2      | Found a white marble altar of Elyvilon.
  1189 | D:2      | Reached skill level 6 in Axes
  1328 | D:2      | Found a glowing silver altar of Zin.
  1399 | D:2      | Reached XP level 4. HP: 14/37 MP: 4/4
  2004 | D:3      | Reached skill level 7 in Axes
  2130 | D:3      | Identified a +0 pair of boots of running (You found it on level 3 of the Dungeon)
  2146 | D:3      | Reached skill level 1 in Armour
  2146 | D:3      | Reached XP level 5. HP: 36/42 MP: 5/5
  2621 | D:4      | Reached XP level 6. HP: 48/50 MP: 6/6
  2800 | D:4      | Got a dazzling cloak
  2811 | D:4      | Identified the +1 cloak of Piemobbi {rC+} (You found it on level 4 of the Dungeon)
  2859 | D:4      | Found a sparkling altar of Nemelex Xobeh.
  2872 | D:4      | Noticed Purgy
  2881 | D:4      | Killed Purgy
  2881 | D:4      | Reached skill level 5 in Armour
  3343 | D:5      | Entered Level 5 of the Dungeon
  3377 | D:5      | Found a staircase to the Ecumenical Temple.
  3387 | D:5      | Reached XP level 7. HP: 42/56 MP: 7/7
  3404 | Temple   | Entered the Ecumenical Temple
  3909 | D:5      | Reached skill level 8 in Axes
  4116 | D:5      | Found a blossoming altar of Fedhas.
  4170 | D:5      | Reached skill level 9 in Axes
  4667 | D:6      | Reached skill level 10 in Axes
  4667 | D:6      | Reached XP level 8. HP: 43/62 MP: 8/8
  5121 | D:6      | Reached skill level 11 in Axes
  5165 | D:6      | Found a deep blue altar of Sif Muna.
  5321 | D:6      | Found Kaisuz's Gadget Boutique.
  5370 | D:6      | Reached skill level 12 in Axes
  5636 | D:7      | Reached XP level 9. HP: 71/71 MP: 9/9
  5737 | D:7      | Reached skill level 13 in Axes
  5849 | D:7      | Noticed Dowan
  5850 | D:7      | Noticed Duvessa
  5862 | D:7      | Killed Dowan
  5863 | D:7      | Killed Duvessa
  6040 | D:7      | Found a snail-covered altar of Cheibriados.
  6130 | D:7      | Reached skill level 14 in Axes
  6214 | D:8      | Noticed Grum
  6252 | D:8      | Killed Grum
  6570 | D:8      | Found a burning altar of Makhleb.
  6570 | D:8      | Noticed a cacodemon
  6574 | D:8      | Noticed a hellwing
  6654 | D:8      | Reached skill level 15 in Axes
  7241 | D:8      | Reached skill level 5 in Fighting
  7241 | D:8      | Reached XP level 10. HP: 31/81 MP: 10/10
  7516 | D:9      | Found a glowing golden altar of the Shining One.
  7518 | D:9      | Found a shimmering altar of Xom.
  7544 | D:9      | Found a stormy altar of Qazlal.
  7552 | D:9      | Became a worshipper of Qazlal Stormbringer
  7862 | D:9      | Found Gietioch's Food Shop.
  7872 | D:9      | Noticed Pikel
  7897 | D:9      | Killed Pikel
  7930 | D:9      | Found a staircase to the Lair.
  8197 | D:10     | Entered Level 10 of the Dungeon
  8241 | D:10     | Noticed a hill giant
  8253 | D:10     | Killed a hill giant
  8290 | D:10     | Identified the Tome of Enchantment (You found it on level 10 of the Dungeon)
  8408 | D:10     | Noticed a hill giant
  8416 | D:10     | Killed a hill giant
  8551 | D:10     | Killed an unseen horror
  8551 | D:10     | Reached skill level 10 in Armour
  8551 | D:10     | Reached XP level 11. HP: 25/92 MP: 11/11
  8934 | D:10     | Noticed a hill giant
  8949 | D:10     | Killed a hill giant
  8950 | D:10     | Acquired Qazlal's first power
  9171 | D:11     | Reached skill level 16 in Axes
  9240 | D:11     | Noticed Maud
  9253 | D:11     | Killed Maud
  9518 | D:11     | Reached skill level 17 in Axes
 10543 | D:11     | Noticed Snorg
 10559 | D:11     | Mangled by Snorg

Action                   |  1- 3 |  4- 6 |  7- 9 | 10-12 || total
-------------------------+-------+-------+-------+-------++-------
Melee: War axe           |   111 |   174 |   186 |       ||   471
       Battleaxe         |       |       |   251 |   284 ||   535
Evoke: Wand              |       |       |     3 |     2 ||     5
  Use: Scroll            |       |     2 |    15 |     6 ||    23
       Potion            |       |     1 |     2 |     2 ||     5
  Eat: Chunk             |     2 |     4 |     7 |     1 ||    14
       Pizza             |       |     1 |       |     3 ||     4
       Fruit             |       |       |     8 |       ||     8
       Bread ration      |       |       |       |     1 ||     1
